 Dungeon Crawl Stone Soup version 0.27.0-1-g7a089689b8 (webtiles) character file.

Game seed: 11325721571604707167

4848 Sin92 the Chopper (level 10, -7/77 HPs)
             Began as a Demonspawn Fighter on Aug 9, 2021.
             Was a Priest of Okawaru.
             Collided with a metal wall (11 damage)
             ... caused by a rakshasa
             ... on level 8 of the Dungeon.
             The game lasted 00:12:35 (9518 turns).

Sin92 the Chopper (Demonspawn Fighter)              Turns: 9518, Time: 00:12:36

Health: -7/77      AC: 19    Str: 18    XL:     10   Next: 25%
Magic:  0/14       EV: 13    Int: 10    God:    Okawaru [***...]
Gold:   512        SH: 12    Dex: 14    Spells: 9/9 levels left

rFire    . . .     SeeInvis .   a - +4 war axe (spect)
rCold    . . .     Faith    .   c - +0 kite shield
rNeg     . . .     Spirit   +   f - +1 plate armour
rPois    +         Reflect  .   (helmet restricted)
rElec    .         Harm     .   (no cloak)
rCorr    .         Rampage  .   p - +2 pair of gloves
Will     .....                  (no boots)
Stlth    ..........             (no amulet)
HPRegen  0.22/turn              t - ring of poison resistance
MPRegen  0.28/turn              q - +4 ring of evasion

@: mighty, heroic
A: hooves 2, horns 2, foul stench 1, magic shield, magic regeneration
a: Renounce Religion, Heroism


You were on level 8 of the Dungeon.
You worshipped Okawaru.
Okawaru was most pleased with you.
You visited 1 branch of the dungeon, and saw 8 of its levels.

You collected 512 gold pieces.

Inventory:

Hand Weapons
 a - a +4 spectral war axe (weapon)
Armour
 b - a +0 scale mail
 c - a +0 kite shield (worn)
 f - a +1 plate armour (worn)
 p - a +2 pair of gloves (worn)
Jewellery
 g - a ring of ice
 j - a ring of flight
 m - a ring of protection from cold
 q - a +4 ring of evasion (right hand)
 t - a ring of poison resistance (left hand)
 w - a ring of protection from cold
 y - a ring of protection from fire
Wands
 n - a wand of polymorph (7)
 s - a wand of charming (9)
Scrolls
 h - 2 scrolls of identify
 i - 4 scrolls of teleportation
 C - a scroll of magic mapping
Potions
 d - 2 potions of heal wounds
 o - a potion of magic
 r - a potion of resistance
 u - 2 potions of lignification
 v - a potion of mutation
 x - a potion of attraction
 A - a potion of degeneration {unknown}
 E - a potion of brilliance {unknown}


   Skills:
 + Level 6.6(11.6) Fighting
 * Level 7.9(12.9) Axes
 + Level 6.0(11.0) Armour
 + Level 5.2(10.2) Dodging
 + Level 6.0(11.0) Shields
 + Level 5.7 Invocations


You had 9 spell levels left.
You didn't know any spells.
Your spell library contained the following spells:

 Spells                   Type           Power      Damage    Failure   Level
 Hailstorm                Conj/Ice       0%         3d3       100%        4
 Ice Form                 Ice/Tmut       0%         N/A       100%        4
 Simulacrum               Ice/Necr       0%         N/A       100%        6


Dungeon Overview and Level Annotations

Branches:
Dungeon (8/15)             Temple (0/1) D:7            Lair (0/6) D:8

Altars:
Elyvilon
Fedhas
Okawaru
The Shining One


Innate Abilities, Weirdness & Mutations

You have hoof-like feet.
You have a pair of horns on your head.
You may rarely emit foul miasma when damaged in melee.
When hurt, damage is shared between your health and your magic reserves.
You regenerate magic rapidly.


Message History

You feel better.
The rakshasa hits you from afar with a +2 trident of venom!
The rakshasa barely misses you. You block the rakshasa's attack.
The rakshasa gestures at you. The lance of force hits you.
You are knocked back by the lance of force.
You slam into the metal wall!
Unknown command.
The rakshasa hits you but does no damage.
The rakshasa hits you from afar with a +2 trident of venom.
The rakshasa hits you with a +2 trident of venom.
* * * LOW HITPOINT WARNING * * *
You block the rakshasa's attack.
You slash the rakshasa! You headbutt the rakshasa.
The rakshasa is severely wounded.
Your plate armour prevents you from hitting the rakshasa.
Your spectral +4 spectral war axe closely misses the rakshasa. x2
The rakshasa misses you.
The rakshasa hits you but does no damage.
You closely miss the rakshasa.
You kick the rakshasa, but do no damage.
The rakshasa is severely wounded.
You slash the rakshasa!
Your spectral +4 spectral war axe hits the rakshasa!
Your spectral +4 spectral war axe hits the rakshasa but does no damage.
The rakshasa hits your spectral +4 spectral war axe with a +2 trident of venom!
Your spectral weapon shares its damage with you!
* * * LOW HITPOINT WARNING * * *
The rakshasa barely misses you.
You slice the rakshasa!!
You kill the rakshasa!
You slash the rakshasa!
Your spectral +4 spectral war axe completely misses the rakshasa.
The rakshasa gestures at you. The lance of force hits you!
* * * LOW HITPOINT WARNING * * *
You are knocked back by the lance of force.
You slam into the metal wall!
You die...

## .. . .. #
.##### ##.####
..... .......
####... ##.####
##..... # #.####
#.....### .#
#...<. #.
#..##.@.# ..#
######
#...#..#..[.#...#
#....(.[.../..#.#
#...#R:..#..#...#
#...#...##..#...#
#...###.....#..#
##.........##..#
#......####...#
###.).........#
.#


You could see a rakshasa and a friendly spectral +4 spectral war axe (summoned).

Vanquished Creatures
  A hydra (D:8)
  A two-headed ogre (D:8)
  A manticore (D:8)
  A troll (D:8)
  A hornet (D:5)
  A wyvern (D:7)
  A steam dragon (D:8)
  A water moccasin (D:7)
  Duvessa (D:6)
  2 sky beasts
  2 ice beasts
  A black bear (D:7)
  A necrophage (D:5)
  3 ogres
  A phantom (D:5)
  A gnoll sergeant (D:5)
  A scorpion (D:4)
  Dowan (D:6)
  A water moccasin skeleton (D:4)
  4 killer bees (D:7)
  An electric eel (D:7)
  2 howler monkeys
  A bullfrog zombie (D:7)
  A centaur skeleton (D:7)
  2 centaur zombies
  4 hounds
  3 orc priests
  4 iguanas
  3 orc wizards
  A killer bee zombie (D:7)
  7 gnolls
  A howler monkey zombie (D:8)
  6 adders
  A white imp (D:5)
  An ufetubus (D:4)
  3 worms
  2 dart slugs
  9 orcs
  12 ball pythons
  4 endoplasms
  5 giant cockroaches
  30 goblins
  30 hobgoblins
  8 jackals
  6 quokkas
  6 bats
  A frilled lizard (D:1)
  11 kobolds
  5 rats
197 creatures vanquished.

Vanquished Creatures (others)
  4 plants (D:7)
  4 toadstools (D:1)
8 creatures vanquished.

Grand Total: 205 creatures vanquished

Notes
Turn   | Place    | Note
-------+----------+-------------------------------------------
     0 | D:1      | Sin92 the Demonspawn Fighter began the quest for the Orb.
     0 | D:1      | Reached XP level 1. HP: 18/18 MP: 1/1
   185 | D:1      | Reached skill level 2 in Axes
   354 | D:1      | Found a faded altar of an unknown god.
   357 | D:1      | Gained mutation: You have large cloven feet. [demonic
                  | ancestry]
   357 | D:1      | Reached XP level 2. HP: 24/24 MP: 2/2
   759 | D:1      | Reached XP level 3. HP: 23/29 MP: 3/3
  1294 | D:2      | Reached skill level 1 in Dodging
  1533 | D:2      | Gained mutation: You have a pair of small horns on your
                  | head. [demonic ancestry]
  1533 | D:2      | Reached XP level 4. HP: 33/35 MP: 4/4
  1923 | D:2      | Reached skill level 3 in Axes
  2296 | D:2      | Gained mutation: You have a pair of horns on your head.
                  | [demonic ancestry]
  2296 | D:2      | Reached XP level 5. HP: 41/41 MP: 5/5
  3464 | D:4      | Noticed an ogre
  3470 | D:4      | Killed an ogre
  3580 | D:4      | Gained mutation: You regenerate magic rapidly. [demonic
                  | ancestry]
  3580 | D:4      | Reached XP level 6. HP: 31/48 MP: 6/6
  3594 | D:4      | Noticed an ice beast
  3597 | D:4      | Killed an ice beast
  3598 | D:4      | Reached skill level 4 in Axes
  4478 | D:5      | Entered Level 5 of the Dungeon
  4503 | D:5      | Gained mutation: You may rarely emit foul miasma when
                  | damaged in melee. [demonic ancestry]
  4503 | D:5      | Reached XP level 7. HP: 54/54 MP: 7/7
  4854 | D:5      | Noticed a hornet
  4862 | D:5      | Killed a hornet
  4863 | D:5      | Reached skill level 5 in Axes
  4923 | D:5      | Found an iron altar of Okawaru.
  4928 | D:5      | Became a worshipper of Warmaster Okawaru
  4994 | D:5      | Gained mutation: When hurt, damage is shared between your
                  | health and your magic reserves. [demonic ancestry]
  4994 | D:5      | Reached XP level 8. HP: 59/61 MP: 8/8
  5093 | D:5      | Reached skill level 1 in Invocations
  5914 | D:5      | Reached skill level 5 in Fighting
  6182 | D:6      | Reached * piety under Okawaru
  6504 | D:6      | Noticed Duvessa
  6505 | D:6      | Noticed Dowan
  6519 | D:6      | Killed Duvessa
  6523 | D:6      | Killed Dowan
  7079 | D:7      | Reached skill level 6 in Axes
  7240 | D:7      | Reached skill level 5 in Armour
  7317 | D:7      | Gained mutation: You have hoof-like feet. [demonic
                  | ancestry]
  7317 | D:7      | Reached XP level 9. HP: 68/68 MP: 11/11
  7453 | D:7      | Noticed a manticore
  7501 | D:7      | Reached skill level 5 in Shields
  7565 | D:7      | Reached ** piety under Okawaru
  7673 | D:7      | Found a staircase to the Ecumenical Temple.
  8720 | D:8      | Found a staircase to the Lair.
  8934 | D:8      | Found a blossoming altar of Fedhas.
  8934 | D:8      | Noticed a two-headed ogre
  8939 | D:8      | Noticed a troll
  8950 | D:8      | Killed a two-headed ogre
  8950 | D:8      | Reached *** piety under Okawaru
  8951 | D:8      | Reached skill level 7 in Axes
  8951 | D:8      | Reached skill level 5 in Invocations
  8963 | D:8      | Killed a troll
  9128 | D:8      | Noticed a five-headed hydra
  9132 | D:8      | HP: 2/70 [eight-headed hydra (3)]
  9142 | D:8      | Killed an 11-headed hydra
  9143 | D:8      | Reached skill level 5 in Dodging
  9143 | D:8      | Reached XP level 10. HP: 4/77 MP: 4/14
  9471 | D:8      | Noticed a manticore
  9477 | D:8      | Killed a manticore
  9497 | D:8      | Noticed a rakshasa
  9518 | D:8      | Collided with a metal wall

Illustrated notes

Levels and vault maps discovered:
D:1:      matt_arrival_refuge, layout_loops_cross,
          shapermc_ecumenical_altar_starsandcircs, minmay_gold_behind_fungi,
          hangedman_decor_points
D:2:      layout_basic, serial_rivers, chequers_serial_rivers_micro_a,
          chequers_serial_rivers_marsh, chequers_serial_rivers_micro_b,
          chequers_serial_rivers_small_a, chequers_serial_rivers_room_b,
          chequers_serial_rivers_room_a
D:3:      layout_loops_corners, saegor_snake_ambush
D:4:      layout_basic, minmay_increasing_density
D:5:      minmay_goblin_kobold_castle, layout_loops_corners,
          mainiacjoe_overflow_big_doors, minmay_crossroads
D:6:      layout_basic, uniq_duvessa
D:7:      layout_basic, nicolae_elyvilon_temple_path,
          minmay_temple_entry_slanted, lightli_corner_chamber
D:8:      layout_loops_cross, general_overflow_altar, lemuel_crystal_altar,
          tgw_trog, lair_entry_dummy, minmay_radiant

Skill      XL: |  1  2  3  4  5  6  7  8  9 10 |
---------------+-------------------------------+-----
Axes           | 2 3 4 5 6 7 |  7.9
Armour         | 3 4 5 6 |  6.0
Dodging        | 1 2 3 4 5 |  5.2
Shields        | 3 4 5 6 |  6.0
Fighting       | 4 5 6 |  6.6
Invocations    | 3 5 |  5.7

Action                   |  1- 3 |  4- 6 |  7- 9 | 10-12 || total
-------------------------+-------+-------+-------+-------++-------
Melee: War axe           |   103 |   115 |   300 |    15 ||   533
       Kick              |    16 |    31 |    78 |     5 ||   130
       Headbutt          |       |    19 |    53 |     4 ||    76
Throw: Throwing net      |       |       |     1 |       ||     1
Invok: Heroism           |       |       |     1 |     2 ||     3
  Use: Scroll            |     4 |     6 |    14 |       ||    24
       Potion            |       |     1 |       |     2 ||     3
 Stab: Held in net/web   |       |       |     2 |       ||     2
       Distracted        |       |       |     1 |       ||     1
Armor: Scale mail        |    11 |       |       |       ||    11
       Plate armour      |    53 |    70 |   147 |     6 ||   276
Dodge: Dodged            |    28 |    23 |   123 |     4 ||   178
Block: Kite shield       |    52 |    47 |   188 |     8 ||   295
